 Dungeon Crawl Stone Soup version 0.28.0 (webtiles) character file.

Game seed: 12056024314542318717

44 HallandMoats the Ruffian (level 3, -3/33 HPs)
             Began as a Ghoul Monk on Feb 12, 2022.
             Slain by Sigmund (7 damage)
             ... on level 2 of the Dungeon.
             The game lasted 00:01:52 (1629 turns).

HallandMoats the Ruffian (Ghoul Monk)               Turns: 1629, Time: 00:01:52

Health: -3/33      AC:  5    Str: 16    XL:     3   Next: 60%
Magic:  2/2        EV: 11    Int:  5    God:
Gold:   67         SH:  0    Dex: 11    Spells: 2/2 levels left

rFire   . . .      SeeInvis .     - Unarmed
rCold   + . .      Faith    .   (no shield)
rNeg    + + +      Spirit   .   g - +0 ring mail
rPois   ∞          Reflect  .   (no helmet)
rElec   .          Harm     .   (no cloak)
rCorr   .          Rampage  .   (no gloves)
Will    .....                   (no boots)
Stlth   +.........              (no amulet)
HPRegen 0.00/turn               (no ring)
MPRegen 0.08/turn               (no ring)

@: inhibited regen
A: claws 1, cold resistance 1, negative energy resistance 3, inhibited
regeneration, torment resistance 2
a: no special abilities


You were on level 2 of the Dungeon.
You visited 1 branch of the dungeon, and saw 2 of its levels.

You collected 67 gold pieces.

Inventory:

Armour
 g - a +0 ring mail (worn)
Scrolls
 a - a scroll of amnesia {unknown}
 b - 2 scrolls of torment {unknown}
 c - 2 scrolls of identify {unknown}
 e - a scroll of immolation {unknown}
Potions
 d - a potion of cancellation {unknown}
 f - a potion of ambrosia {unknown}
 h - a potion of flight {unknown}
 i - a potion of curing {unknown}


   Skills:
 * Level 3.7 Fighting
 + Level 0.9 Armour
 + Level 2.9 Dodging
 - Level 2.1 Stealth
 * Level 3.9 Unarmed Combat
 + Level 1.1 Invocations


You had 2 spell levels left.
You didn't know any spells.
Your spell library was empty.

Dungeon Overview and Level Annotations

Branches:
Dungeon (2/15)

Altars:

Annotations:
D:2 Sigmund


Innate Abilities, Weirdness & Mutations

You thrive by killing the living.
You are immune to poison.
You have sharp fingernails.
Your flesh is cold resistant. (rC+)
You are immune to negative energy. (rN+++)
You do not regenerate when monsters are visible.
You are immune to unholy pain and torment.


Message History

There is a stone staircase leading up here.
Something hits you!
* * * LOW HITPOINT WARNING * * *
You climb upwards.
Reactivating autopickup.
There is a stone staircase leading down here.
You start resting.
HP restored.
You climb downwards.
Level annotation: Sigmund Sigmund points at you and mumbles some strange words.
The magic dart hits you.
There is a stone staircase leading up here.
You barely miss Sigmund. You barely miss Sigmund. Sigmund casts a spell at you.
You are confused.
You barely miss Sigmund. Sigmund closely misses you.
You closely miss Sigmund. Sigmund closely misses you.
Sigmund hits you with a +0 scythe.
You're too confused to move!
Sigmund hits you with a +0 scythe.
You bump into the rock wall.
You miss Sigmund.
You feel less confused. Sigmund completely misses you.
You scratch Sigmund but do no damage. Sigmund hits you with a +0 scythe.
You scratch Sigmund.
Sigmund is lightly wounded.
You scratch Sigmund but do no damage.
Sigmund is lightly wounded.
Sigmund hits you with a +0 scythe.
* * * LOW HITPOINT WARNING * * *
You claw Sigmund!
Sigmund is moderately wounded.
You scratch Sigmund.
Sigmund is moderately wounded.
Sigmund hits you with a +0 scythe.
* * * LOW HITPOINT WARNING * * *
Sigmund hits you from afar with a +0 scythe!
You die...

.... #≈≈≈≈# #..######≈≈≈≈#
≈≈.≈≈.≈.#≈≈≈≈###
..≈≈≈≈≈≈≈.≈≈≈#.###
≈≈≈≈≈≈≈≈≈≈≈≈≈)...###
.≈.≈≈≈≈≈≈≈≈..#.#...## #####
≈≈≈≈≈≈≈≈≈≈≈≈..@###..###...####
...≈≈..≈.≈......###...#≈≈≈≈≈≈#
................@##...#...#
..................<....#.##
..>.............#.#......#
[..............(#......###
#)..............##.....#
##.....................#
........#.......########
...###.######..## ...##..#
#.##


You could see Sigmund.

Vanquished Creatures
  A gnoll (D:1)
  A dart slug (D:1)
  5 ball pythons (D:1)
  6 endoplasms
  5 goblins
  A hobgoblin (D:1)
  A quokka (D:1)
  4 bats
  4 kobolds
  2 rats (D:1)
30 creatures vanquished.

Vanquished Creatures (others)
  A fungus (D:2)
  A plant (D:2)
2 creatures vanquished.

Grand Total: 32 creatures vanquished

Notes
Turn   | Place    | Note
-------+----------+-------------------------------------------
     0 | D:1      | HallandMoats the Ghoul Monk began the quest for the Orb.
     0 | D:1      | Reached XP level 1. HP: 19/19 MP: 0/0
    54 | D:1      | Reached XP level 2. HP: 12/26 MP: 1/1
   574 | D:1      | Reached XP level 3. HP: 29/31 MP: 2/2
   624 | D:1      | Reached skill level 1 in Invocations
  1201 | D:2      | Noticed Sigmund
  1629 | D:2      | Slain by Sigmund

Illustrated notes

Levels and vault maps discovered:
D:1:      minmay_arrival_nine_rooms, layout_loops_ring,
          minmay_misc_feat_four_crosses, ebering_dispersal_statue_hall,
          st_stairs_3, kennysheep_nondescript
D:2:      layout_rooms, shapermc_ecumenical_altar_rom_forum, serial_rivers,
          chequers_serial_rivers_small_b, chequers_serial_rivers_large_a,
          chequers_serial_rivers_micro_c, chequers_serial_rivers_micro_b,
          chequers_serial_rivers_small_a, chequers_serial_rivers_micro_d,
          uniq_robin, uniq_terence, uniq_sigmund

Skill      XL: |  1  2  3 |
---------------+----------+-----
Invocations    | 1 |  1.1
Fighting       | |  3.7
Armour         | |  0.9
Dodging        | |  2.9
Stealth        | |  2.1
Unarmed Combat | |  3.9

Action                   || total
-------------------------++-------
Melee: Unarmed           ||    77
       Punch             ||     1
 Stab: Sleeping          ||     5
Armor: Robe              ||     7
       Ring mail         ||     2
Dodge: Dodged            ||    34
